 Dungeon Sprint DCSS version 0.27-a0-29-g2d0a2396b0 (webtiles) character file.

Game seed: 9591044096911588794

4926 iamoutofideas the Warrior (level 10, -10/111 (117) HPs)
             Began as a Minotaur Fighter on Jan 4, 2021.
             Was an Initiate of Gozag.
             Killed from afar by an orc sorcerer (38 damage)
             ... with a bolt of negative energy
             ... in the Dungeon (Sprint III: "The Ten Rune Challenge").
             The game lasted 00:05:20 (1454 turns).

iamoutofideas the Warrior (Minotaur Fighter)        Turns: 1454, Time: 00:05:41

HP:   -10/111 (117) AC: -7    Str: 24    XL:     10   Next: 27%
MP:   8/8           EV: 12    Int:  3    God:    Gozag
Gold: 1403          SH:  0    Dex: 10    Spells: 9/9 levels left

rFire    . . .     SeeInvis .   a - +0 war axe
rCold    . . .     Faith    .   (no shield)
rNeg     . . .     Spirit   .   b - +0 scale mail
rPois    .         Reflect  .   (helmet restricted)
rElec    .         Harm     .   e - +1 cloak {Stlth+}
rCorr    .         Rampage  .   (no gloves)
Will     .....     NoTele   +   (no boots)
Stlth    ..........             (no amulet)
HPRegen  0.68/turn              (no ring)
MPRegen  0.11/turn              (no ring)

@: corroded, berserk cooldown, hasted and slowed, drained
A: retaliatory headbutt, horns 2, icy blue scales 1, dopey 1, low mp 1,
regeneration 1
a: Renounce Religion, Potion Petition, Call Merchant, Bribe Branch


You were in the Dungeon.
You worshipped Gozag.
Gozag was most pleased with you.
You visited 1 branch You collected 1643 gold pieces.
You paid 240 gold pieces to Gozag.

Inventory:

Hand Weapons
 a - a +0 war axe (weapon)
Armour
 b - a +0 scale mail (worn)
 e - a +1 cloak of stealth (worn)
Wands
 c - a wand of flame (32)
Scrolls
 l - a scroll of holy word
 n - 3 scrolls of remove curse
Potions
 d - 3 potions of might
 h - 2 potions of magic
 k - a potion of mutation
 o - 4 potions of flight
Miscellaneous
 f - a tin of tremorstones (2/2)


   Skills:
 + Level 20.0 Fighting
 - Level 16.0 Axes
 + Level 7.0 Armour
 + Level 5.2 Dodging
 + Level 7.0 Shields


You had 9 spell levels left.
You didn't know any spells.
Your spell library contained the following spells:

 Spells                   Type           Power        Failure   Level
 Animate Skeleton         Necr           0%           80%         1
 Apportation              Tloc           0%           80%         1
 Corona                   Hex            0%           80%         1
 Summon Small Mammal      Summ           0%           80%         1


Dungeon Overview and Level Annotations

Branches:
Dungeon (1/1)

Altars:
Cheibriados
Dithmenos
Elyvilon
Fedhas
Gozag
Hepliaklqana
Kikubaaqudgha
Makhleb
Nemelex Xobeh
Okawaru
Qazlal
Ru
Sif Muna
Trog
Uskayaw
Vehumet
Wu Jian
Xom
Yredelemnul
Zin
The Shining One
Beogh
Jiyva
Lugonu

Shops:
D *


Innate Abilities, Weirdness & Mutations

You reflexively headbutt those who attack you in melee.
You have a pair of horns on your head.
You are partially covered in icy blue scales. (AC +2)
You are dopey. (Int -2)
Your magical capacity is low. (-10% MP)
Your natural rate of healing is unusually fast.


Message History

You slice the rust devil!!
You kill the rust devil!
You are no longer berserk.
You are exhausted.
You feel yourself slow down.
The orc warrior becomes distracted by the nearby gold, dreaming of imaginary riches.
The orc wizard casts a cantrip, but nothing happens.
The orc warrior closely misses you.
There is an open door to the Orcish Mines here.
Unknown command.
Okay, then.
The orc warrior shouts!
You hit the orc sorcerer but do no damage.
The orc sorcerer is no longer distracted by gold.
Your headbutt misses the orc sorcerer.
The orc sorcerer is moderately wounded.
The orc sorcerer points at you and mumbles some strange words.
The bolt of negative energy hits you!!!
You feel drained.
You die...
Your body crumbles into a pile of gold.

▓▓▓ ▓▓▓▓ ##.################$$$$
##..#___#___#__#$$$#$$##.$
.#..#)..#__.#._#oo.o....$
.#..###'#'###)##oo.oo...$$
'#..#..........#oo.oo...#
#...'.⌠........#o####o##∩
#...#...######'#o$# $$ $$
....#.⌠.#__#...#@################
....#..)#__#...#....#.#.#...).#..
)...#'###__#...##.#..#.##)###)#..
....#.).#v_#...'##)#.#.##.#..##..
....#___#__+...#..)#..#..##..'^..
▓▓▓▓▓▓▓▓▓▓▓▓▓▓▓▓▓▓▓▓▓▓▓▓▓▓▓▓▓#^.^
♣.....♣♣♣♣≈≈≈........≈≈≈...#...
♣.≈≈≈≈'♣♣'♣≈≈≈≈≈≈≈≈≈≈≈≈♣♣..'^..
+.....#.≈♣♣♣♣♣♣♣♣♣♣♣♣♣♣♣♣..#...


You could see an orc sorcerer, 2 orc warriors, an orc wizard and 4 orcs.

Vanquished Creatures
  Erolcha (D)
  A deep elf mage (D)
  An orc sorcerer (D)
  2 cane toads (D)
  A rime drake (D)
  A komodo dragon (D)
  2 wandering mushrooms (D)
  2 redbacks (D)
  A shadow (D)
  A swamp drake (D)
  An orc warrior (D)
  A necrophage (D)
  5 two-headed ogres (D)
  A water elemental (D)
  2 orc priests (D)
  Crazy Yiuf (D)
  A jelly (D)
  A wizard (D)
  Jessica (D)
  A necromancer (D)
  3 humans (D)
  A kobold demonologist (D)
  An ooze (D)
  3 orcs (D)
  2 rats (D)
38 creatures vanquished.

Vanquished Creatures (others)
  A wandering mushroom (D)
  7 plants (D)
8 creatures vanquished.

Grand Total: 46 creatures vanquished

Notes
Turn   | Place    | Note
-------+----------+-------------------------------------------
     0 | D        | iamoutofideas the Minotaur Fighter began the quest for the
                  | Orb.
     0 | D        | Reached XP level 1. HP: 19/19 MP: 0/0
    18 | D        | Reached skill level 4 in Fighting
    41 | D        | Noticed Jessica
    44 | D        | Killed Jessica
    45 | D        | Reached skill level 6 in Fighting
    45 | D        | Reached skill level 5 in Axes
    45 | D        | Reached XP level 2. HP: 31/31 MP: 1/1
    45 | D        | Reached XP level 3. HP: 38/38 MP: 2/2
    54 | D        | Noticed Crazy Yiuf
    59 | D        | Killed Crazy Yiuf
    60 | D        | Reached skill level 7 in Fighting
    74 | D        | Reached XP level 4. HP: 7/48 MP: 3/3
   101 | D        | Gained mutation: You are partially covered in icy blue
                  | scales. (AC +2) [potion of mutation]
   101 | D        | Gained mutation: Your magical capacity is low. (-10% MP)
                  | [potion of mutation]
   101 | D        | Gained mutation: You are dopey. (Int -2) [potion of
                  | mutation]
   101 | D        | Gained mutation: Your natural rate of healing is unusually
                  | fast. [potion of mutation]
   229 | D        | Noticed a water elemental
   238 | D        | Killed a water elemental
   239 | D        | Reached skill level 9 in Fighting
   239 | D        | Reached XP level 5. HP: 20/57 MP: 3/3
   314 | D        | Found a basalt altar of Yredelemnul.
   314 | D        | Found a shadowy altar of Dithmenos.
   314 | D        | Found a sacrificial altar of Ru.
   314 | D        | Noticed a necrophage
   317 | D        | Killed a necrophage
   318 | D        | Reached skill level 10 in Fighting
   318 | D        | Reached skill level 10 in Axes
   342 | D        | Found a radiant altar of Vehumet.
   342 | D        | Found a shimmering blue altar of Sif Muna.
   342 | D        | Found an ancient bone altar of Kikubaaqudgha.
   346 | D        | Reached skill level 11 in Fighting
   346 | D        | Reached XP level 6. HP: 68/68 MP: 4/4
   368 | D        | Found a hide-covered altar of Uskayaw.
   368 | D        | Found a roughly hewn altar of Beogh.
   368 | D        | Found an iron altar of Okawaru.
   368 | D        | Found a bloodstained altar of Trog.
   368 | D        | Found an ornate altar of the Wu Jian Council.
   368 | D        | Noticed a human
   369 | D        | Noticed a human
   373 | D        | Killed a human
   374 | D        | Reached skill level 12 in Fighting
   383 | D        | Killed a human
   384 | D        | Reached skill level 13 in Fighting
   384 | D        | Reached XP level 7. HP: 47/79 MP: 5/5
   442 | D        | Noticed a shadow
   455 | D        | Killed a shadow
   519 | D        | Found a blossoming altar of Fedhas.
   519 | D        | Found a stormy altar of Qazlal.
   519 | D        | Found a snail-covered altar of Cheibriados.
   519 | D        | Found a burning altar of Makhleb.
   519 | D        | Found a shimmering altar of Xom.
   519 | D        | Noticed a spatial vortex
   520 | D        | Found a hazy altar of Hepliaklqana.
   520 | D        | Found an opulent altar of Gozag.
   520 | D        | Found a sparkling altar of Nemelex Xobeh.
   520 | D        | Found a corrupted altar of Lugonu.
   520 | D        | Found a viscous altar of Jiyva.
   527 | D        | Became a worshipper of Gozag Ym Sagoz the Greedy
   553 | D        | Found a glowing silver altar of Zin.
   553 | D        | Found a glowing golden altar of the Shining One.
   553 | D        | Found a white marble altar of Elyvilon.
   554 | D        | Noticed a deep elf mage
   561 | D        | Killed a deep elf mage
   562 | D        | Reached skill level 14 in Fighting
   562 | D        | Reached XP level 8. HP: 89/90 MP: 6/6
   596 | D        | Reached skill level 15 in Fighting
   602 | D        | Reached skill level 15 in Axes
   645 | D        | Noticed a two-headed ogre
   652 | D        | Killed a two-headed ogre
   728 | D        | Noticed Erolcha
   729 | D        | Noticed a two-headed ogre
   737 | D        | Killed Erolcha
   738 | D        | Reached skill level 17 in Fighting
   738 | D        | Reached XP level 9. HP: 60/104 MP: 7/7
   741 | D        | Killed a two-headed ogre
   742 | D        | Reached skill level 18 in Fighting
   982 | D        | Noticed a wandering mushroom
   988 | D        | Noticed a wandering mushroom
   990 | D        | Noticed a wandering mushroom
  1140 | D        | Killed a wandering mushroom
  1141 | D        | Reached skill level 19 in Fighting
  1179 | D        | Noticed a cane toad
  1179 | D        | Noticed a komodo dragon
  1179 | D        | Noticed a cane toad
  1185 | D        | Killed a cane toad
  1199 | D        | Killed a cane toad
  1200 | D        | Reached skill level 5 in Armour
  1200 | D        | Reached skill level 5 in Shields
  1202 | D        | Killed a komodo dragon
  1203 | D        | Reached XP level 10. HP: 33/117 MP: 8/8
  1424 | D        | Noticed an orc sorcerer
  1424 | D        | Noticed an orc sorcerer
  1426 | D        | Noticed an orange demon
  1428 | D        | Noticed a smoke demon
  1432 | D        | Noticed a rust devil
  1435 | D        | Reached skill level 20 in Fighting
  1438 | D        | Killed an orc sorcerer
  1439 | D        | Reached skill level 5 in Dodging
  1439 | D        | Found Abraxku's Assorted Antiques.
  1454 | D        | Killed from afar by an orc sorcerer

Illustrated notes

Levels and vault maps discovered:
D:        dungeon_sprint_mu [sprint_mu_entry_cave, sprint_mu_temple_rooms,
          sprint_mu_d1_spiders, sprint_mu_d2_genie, sprint_mu_d3_branching,
          sprint_mu_orc_legion, sprint_mu_elf_gauntlet, sprint_mu_hive_nellie,
          sprint_mu_lair_fedhas, sprint_mu_vaults_butterflies,
          sprint_mu_slime_circle, sprint_mu_swamp_cave, sprint_mu_snake_twists,
          sprint_mu_blade_basic, sprint_mu_crypt_fortress,
          sprint_mu_tomb_spiral, sprint_mu_vestibule_basic,
          sprint_mu_gehenna_hellfire, sprint_mu_dis_giant,
          sprint_mu_tartarus_statrot, sprint_mu_cocytus_islands, sprint_mu_zot1]

Skill      XL: |  1  2  3  4  5  6  7  8  9 10 |
---------------+-------------------------------+-----
Fighting       | 6 7 9 11 13 14 17 19 20 | 20.0
Axes           | 5 7 8 10 12 14 16 | 16.0
Armour         | 5 7 |  7.0
Dodging        | 3 5 |  5.2
Shields        | 5 7 |  7.0

Action                   |  1- 3 |  4- 6 |  7- 9 | 10-12 || total
-------------------------+-------+-------+-------+-------++-------
Melee: War axe           |    21 |    27 |    86 |    23 ||   157
       Headbutt          |     3 |     2 |    24 |     5 ||    34
Invok: Potion Petition   |       |       |       |     1 ||     1
  Use: Potion            |     1 |     2 |     3 |     1 ||     7
       Scroll            |       |       |       |     4 ||     4
 Stab: Invisible         |     2 |       |       |       ||     2
Armor: Scale mail        |     4 |     8 |    12 |     6 ||    30
Dodge: Dodged            |    11 |    10 |    27 |    29 ||    77

Table legend: (Time is in decaauts)
 A = Elapsed time spent in this place.
 B = Non-inter-level travel time spent in this place.
 C = Inter-level travel time spent in this place.
 D = Time resting spent in this place.
 E = Time spent auto-exploring this place.
 F = Levels seen in this place.
 G = Mean time per level.
                   A        B        C        D        E       F      G
               +--------+--------+--------+--------+--------+-----+--------+
         Total |   1446 |   1381 |     65 |    865 |      0 |   1 | 1446.0 |
       Dungeon |   1446 |   1381 |     65 |    865 |      0 |   1 | 1446.0 |
               +--------+--------+--------+--------+--------+-----+--------+

Top non-repeatable levels by time:
       D: 1446 daAuts
